 Dungeon Crawl Stone Soup version 0.27.1-34-g3ba077fa99 (webtiles) character file.

Game seed: 5968629250282567679

21997 boopmooplesden the Peltast (level 12, -1/104 HPs)
             Began as a Minotaur Fighter on Jan 8, 2022.
             Was a High Priest of Okawaru.
             Slain by a minotaur (2 damage)
             ... in a Gauntlet.
             The game lasted 00:19:47 (13012 turns).

boopmooplesden the Peltast (Minotaur Fighter)      Turns: 13012, Time: 00:19:48

Health: -1/104     AC: 22    Str: 23    XL:     12   Next: 59%
Magic:  10/11      EV:  9    Int:  5    God:    Okawaru [*****.]
Gold:   1544       SH: 26    Dex: 13    Spells: 11/11 levels left

rFire    x . .     SeeInvis .   F - +3 whip (elec)
rCold    + . .     Faith    .   z - +1 tower shield
rNeg     . . .     Spirit   .   v - +4 chain mail {rPois}
rPois    +         Reflect  +   (helmet restricted)
rElec    .         Harm     .   o - +2 cloak
rCorr    .         Rampage  .   B - +0 pair of gloves
Will     .....     NoTele   +   E - +0 pair of boots
Stlth    ..........             j - amulet of reflection
HPRegen  0.27/turn              J - ring of ice
MPRegen  0.12/turn              (no ring)

@: no status effects
A: horns 2, retaliatory headbutt
a: Renounce Religion, Heroism, Finesse


You were in a Gauntlet.
You worshipped Okawaru.
Okawaru was extremely pleased with you.
You visited 3 branches of the dungeon, and saw 13 of its levels.
You also visited: Ossuary and Gauntlet.

You collected 1890 gold pieces.
You spent 346 gold pieces at shops.

Inventory:

Hand Weapons
 a - a +0 flail
 n - a +0 whip of chaos
 p - a +3 whip of chaos
 F - a +3 whip of electrocution (weapon)
Missiles
 g - 2 boomerangs (quivered)
 D - 8 javelins
 H - 8 datura-tipped darts
Armour
 c - a +1 kite shield
 o - a +2 cloak (worn)
 v - a +4 chain mail of poison resistance (worn)
 z - a +1 tower shield (worn)
 B - a +0 pair of gloves (worn)
 E - a +0 pair of boots (worn)
Jewellery
 j - an amulet of reflection (around neck)
 m - an amulet of the acrobat
 G - a ring of poison resistance
 J - a ring of ice (left hand)
 L - the ring "Jolian" {Fire Fly Will- Str+4}
   (You found it in a Gauntlet)

   [ring of fire]

   It enhances your fire magic.
   Str:       It affects your strength (+4).
   rF:        It protects you from fire.
   rC:        It makes you vulnerable to cold.
   Fly:       It grants you flight.
   Will:      It decreases your willpower.
Wands
 b - a wand of acid (10)
 q - a wand of flame (56)
 s - a wand of polymorph (18)
 y - a wand of paralysis (9)
 I - a wand of iceblast (6)
Scrolls
 e - 13 scrolls of identify
 i - 2 scrolls of amnesia
 w - 3 scrolls of noise
 A - 4 scrolls of teleportation
 C - a scroll of blinking
Potions
 d - 8 potions of might
 f - 3 potions of magic {unknown}
 h - 2 potions of haste
 k - 4 potions of mutation {unknown}
 l - a potion of brilliance {unknown}
 r - 3 potions of cancellation {unknown}
 t - 4 potions of flight
 u - 5 potions of heal wounds
 x - a potion of degeneration {unknown}
 K - 2 potions of resistance {unknown}
 M - a potion of invisibility {unknown}


   Skills:
 + Level 9.2 Fighting
 + Level 12.2 Maces & Flails
 + Level 11.1 Armour
 + Level 6.8 Dodging
 + Level 2.9 Stealth
 + Level 15.1 Shields
 + Level 0.5 Invocations


You had 11 spell levels left.
You didn't know any spells.
Your spell library contained the following spells:

 Spells                   Type           Power      Damage    Failure   Level
 Animate Skeleton         Necr           0%         N/A       100%        1
 Magic Dart               Conj           0%         1d3       100%        1
 Pain                     Necr           0%         1d4       100%        1
 Summon Small Mammal      Summ           0%         N/A       100%        1
 Searing Ray              Conj           0%         3d3       100%        2
 Call Canine Familiar     Summ           0%         N/A       100%        3
 Lesser Beckoning         Tloc           0%         N/A       100%        3
 Ozocubu's Armour         Ice            0%         N/A       100%        3
 Stone Arrow              Conj/Erth      0%         3d7       100%        3
 Summon Guardian Golem    Hex/Summ       0%         N/A       100%        3
 Vampiric Draining        Necr           0%         2d6       100%        3
 Fulminant Prism          Conj/Hex       0%         3d6       100%        4
 Hailstorm                Conj/Ice       0%         3d3       100%        4
 Iskenderun's Mystic Bla  Conj/Tloc      0%         2d3       100%        4
 Petrify                  Tmut/Erth      0%         N/A       100%        4
 Bolt of Magma            Conj/Fire/Erth 0%         4d4       100%        5
 Lee's Rapid Deconstruct  Erth           0%         3d5*      100%        5
 Metabolic Englaciation   Hex/Ice        0%         N/A       100%        5
 Statue Form              Tmut/Erth      0%         N/A       100%        6
 Orb of Destruction       Conj           0%         N/A       100%        7
 Spellforged Servitor     Conj/Summ      0%         N/A       100%        7
 Chain Lightning          Conj/Air       0%         N/A       100%        9
 Fire Storm               Conj/Fire      0%         5d1       100%        9
 Shatter                  Erth           0%         3d5*      100%        9


Dungeon Overview and Level Annotations

Branches:
Dungeon (9/15)             Temple (1/1) D:6            Lair (3/6) D:9
Ossuary (visited)         Gauntlet (1/1)
  Swamp: Lair:2-4    Shoals: Lair:2-4     Snake: Lair:2-4    Spider: Lair:2-4
    Orc: D:9-12

Altars:
Ashenzari
Cheibriados
Dithmenos
Elyvilon
Gozag
Hepliaklqana
Makhleb
Okawaru
Qazlal
Sif Muna
Trog
Uskayaw
Wu Jian
Xom
Yredelemnul
Zin

Shops:
D:2 *:(   D:4 *   D:5 *   D:7 [   D:8 ?

Annotations:
Gauntlet 3 transporters


Innate Abilities, Weirdness & Mutations

You have a pair of horns on your head.
You reflexively headbutt those who attack you in melee.


Message History

The minotaur is moderately wounded.
You barely miss the minotaur.
The minotaur is moderately wounded.
The minotaur hits you but does no damage.
You block the minotaur's attack.
You barely miss the minotaur. Your headbutt misses the minotaur.
The minotaur is moderately wounded.
You closely miss the minotaur. Your headbutt misses the minotaur.
The minotaur is moderately wounded.
You block the minotaur's attack. x2
You whack the minotaur! You headbutt the minotaur!
The minotaur is heavily wounded.
The minotaur hits you with a +5 vorpal scimitar!
You block the minotaur's attack.
You hit the minotaur.
Lightning courses through the minotaur!!
You headbutt the minotaur.
The minotaur is almost dead.
You hit the minotaur.
The minotaur is almost dead.
You feel like a meek peon again.
The minotaur hits you with a +5 vorpal scimitar!
* * * LOW HITPOINT WARNING * * *
x2 You block the minotaur's attack.
You hit the minotaur but do no damage.
The minotaur is almost dead.
You block the minotaur's attack. x2
You barely miss the minotaur.
You headbutt the minotaur, but do no damage.
The minotaur is almost dead.
Your chain mail prevents you from hitting the minotaur.
You headbutt the minotaur!
The minotaur is almost dead.
You block the minotaur's attack. x2
You hit the minotaur but do no damage.
You headbutt the minotaur, but do no damage.
The minotaur is almost dead.
The minotaur hits you with a +5 vorpal scimitar!!
* * * LOW HITPOINT WARNING * * *
You die...

###### #....##..#
#.##.....# #© #
..##.##..# ..#$. #..##
#....##..# ..#.#
#....##.##.....###..#h##
#....##.##....#..#h2.
####@...##...©#..####
#∩...H.##.......#......
######.##.##....#.∩....
#....##...©#..####
#.##.......#..#..8
...##.##..###..#...
.##....##..##≈..#..8
#.##.....###..#©8^
#.##..##≈..#..8


You could see a minotaur.

Vanquished Creatures
  The ghost of fskeleton the Eclecticist, a journeyman DEIE of Sif Muna (Lair:2)
  2 hydras
  3 death yaks (D:9)
  A moth of wrath (Gauntlet)
  2 black mambas
  3 cane toads (Lair:2)
  An ice devil (Gauntlet)
  A komodo dragon (Lair:1)
  3 large abominations (Gauntlet)
  13 blink frogs
  3 small abominations (Gauntlet)
  3 wyverns
  A basilisk (Lair:2)
  46 yaks
  A steam dragon (D:4)
  7 water moccasins
  A black bear (D:4)
  2 orc warriors
  A sky beast (D:7)
  3 ice beasts
  3 hornet zombies
  A necrophage (D:7)
  An ogre (D:6)
  5 wolves (Gauntlet)
  3 centaurs
  A kobold brigand (D:7)
  A gnoll sergeant (D:9)
  8 bullfrogs
  A scorpion (D:7)
  2 wyvern zombies
  4 water moccasin zombies
  2 water moccasin skeletons
  4 howler monkeys
  4 bullfrog zombies
  4 centaur zombies
  3 jellies
  6 hounds
  A bullfrog skeleton (D:6)
  2 orc priests
  An iguana (D:4)
  16 mummies (Ossuary)
  4 orc wizards
  2 killer bee zombies (Ossuary)
  A hound skeleton (D:5)
  4 howler monkey zombies
  5 gnolls (D:9)
  3 adders
  2 shadow imps (D:7)
  4 white imps
  An ufetubus (D:7)
  2 adder skeletons (D:4)
  2 worms
  12 orcs
  8 endoplasms
  5 giant cockroaches
  8 goblins
  5 hobgoblins
  17 kobolds
  A quokka (D:1)
  13 ball pythons
  6 bats
  2 frilled lizards (D:2)
  2 goblin zombies (D:5)
  5 rats
285 creatures vanquished.

Vanquished Creatures (others)
  A fungus (Lair:2)
  8 plants
  5 withered plants (Ossuary)
14 creatures vanquished.

Grand Total: 299 creatures vanquished

Notes
Turn   | Place    | Note
-------+----------+-------------------------------------------
     0 | D:1      | boopmooplesden the Minotaur Fighter began the quest for the
                  | Orb.
     0 | D:1      | Reached XP level 1. HP: 19/19 MP: 0/0
   219 | D:1      | Reached skill level 4 in Shields
   384 | D:1      | Reached XP level 2. HP: 26/26 MP: 1/1
  1098 | D:1      | Found a faded altar of an unknown god.
  1237 | D:2      | Found Etung's Jewellery Shop.
  1267 | D:2      | Found Voeng's General Store.
  1367 | D:2      | Reached XP level 3. HP: 31/33 MP: 2/2
  1513 | D:2      | Found Esam's Armour Boutique.
  1627 | D:2      | Found Kimaoter's Antique Weapon Shoppe.
  1850 | D:2      | Found Yvvog's Book Emporium.
  2740 | D:3      | Found a large runed translucent door.
  2741 | D:3      | Found a large runed translucent door.
  2741 | D:3      | Found a shimmering altar of Xom.
  3047 | D:4      | Reached XP level 4. HP: 38/40 MP: 3/3
  3082 | D:4      | HP: 1/40 [iguana (6)]
  3086 | D:4      | Reached skill level 1 in Dodging
  3289 | D:4      | Reached skill level 5 in Shields
  3289 | D:4      | Reached XP level 5. HP: 20/46 MP: 4/4
  3296 | D:4      | Noticed a black bear
  3304 | D:4      | Killed a black bear
  3305 | D:4      | Reached skill level 5 in Armour
  3530 | D:4      | Reached XP level 6. HP: 50/52 MP: 5/5
  3547 | D:4      | Noticed a water moccasin
  3557 | D:4      | Killed a water moccasin
  3743 | D:4      | Found Togemiqy's Serpentskin Sales.
  3743 | D:4      | Noticed a water moccasin
  3758 | D:4      | Killed a water moccasin
  3894 | D:4      | Noticed a steam dragon
  3906 | D:4      | Killed a steam dragon
  3907 | D:4      | Reached skill level 5 in Maces & Flails
  3907 | D:4      | Reached skill level 6 in Shields
  3907 | D:4      | Reached XP level 7. HP: 27/60 MP: 6/6
  4208 | D:5      | Entered Level 5 of the Dungeon
  4218 | D:5      | Found Zin's Purification Station.
  4262 | D:5      | Found a glowing silver altar of Zin.
  4289 | D:5      | Found a sand-covered staircase.
  4308 | Ossuary  | Entered an ossuary
  4360 | Ossuary  | Reached skill level 5 in Fighting
  4360 | Ossuary  | Reached XP level 8. HP: 65/68 MP: 7/7
  4382 | Ossuary  | Reached skill level 7 in Shields
  4471 | Ossuary  | Reached skill level 1 in Stealth
  5159 | D:5      | Identified a scroll of acquirement
  5159 | D:5      | Acquired 1118 gold pieces
  5248 | D:2      | Bought a +4 chain mail of poison resistance for 313 gold
                  | pieces
  5248 | D:2      | Bought a potion of flight for 33 gold pieces
  5620 | D:6      | Found a staircase to the Ecumenical Temple.
  5634 | D:6      | Reached skill level 8 in Shields
  5634 | D:6      | Reached XP level 9. HP: 70/75 MP: 8/8
  5641 | Temple   | Entered the Ecumenical Temple
  5652 | Temple   | Became a worshipper of Warmaster Okawaru
  5880 | D:6      | Found an opulent altar of Gozag.
  6731 | D:7      | Reached * piety under Okawaru
  6879 | D:7      | Found Amapas's Armour Shoppe.
  7008 | D:7      | Reached skill level 9 in Shields
  7199 | D:7      | Found a hazy altar of Hepliaklqana.
  7634 | D:7      | Reached skill level 10 in Maces & Flails
  7783 | D:7      | Found a broken altar of Ashenzari.
  7786 | D:7      | Found a white marble altar of Elyvilon.
  7789 | D:7      | Found a shimmering blue altar of Sif Muna.
  7952 | D:8      | Found a stormy altar of Qazlal.
  8132 | D:8      | Found Oxool's Magic Scroll Shoppe.
  8302 | D:8      | Reached ** piety under Okawaru
  8479 | D:8      | Reached XP level 10. HP: 84/84 MP: 9/9
  8637 | D:9      | Noticed a death yak
  8639 | D:9      | Noticed a death yak
  8641 | D:9      | Noticed a death yak
  8663 | D:9      | Killed a death yak
  8664 | D:9      | Reached skill level 10 in Shields
  8677 | D:9      | Killed a death yak
  8677 | D:9      | Reached *** piety under Okawaru
  8696 | D:9      | Killed a death yak
  8887 | D:9      | Found a staircase to the Lair.
  9003 | D:9      | Found a bloodstained altar of Trog.
  9003 | D:9      | Found an ornate altar of the Wu Jian Council.
  9193 | D:9      | Reached **** piety under Okawaru
  9203 | D:9      | Reached skill level 11 in Shields
  9486 | Lair:1   | Entered Level 1 of the Lair of Beasts
  9558 | Lair:1   | Reached XP level 11. HP: 78/94 MP: 10/10
  9660 | Lair:1   | Received a gift from Okawaru
  9747 | Lair:1   | Reached skill level 12 in Shields
  9756 | Lair:1   | Reached ***** piety under Okawaru
 10232 | Lair:1   | Reached skill level 10 in Armour
 10232 | Lair:1   | Reached skill level 5 in Dodging
 10591 | Lair:2   | Found a runed translucent door.
 10970 | Lair:2   | Reached skill level 13 in Shields
 11113 | Lair:2   | Received a gift from Okawaru
 11529 | Lair:2   | Reached XP level 12. HP: 103/103 MP: 11/11
 11744 | Lair:2   | Noticed a four-headed hydra
 11754 | Lair:2   | Killed a four-headed hydra
 12253 | Lair:2   | Noticed fskeleton's ghost (journeyman DEIE)
 12297 | Lair:2   | Killed fskeleton's ghost
 12298 | Lair:2   | Reached skill level 14 in Shields
 12304 | Lair:2   | Got the Almanac of the Congealing Voyage
 12350 | Lair:3   | Noticed a six-headed hydra
 12375 | Lair:3   | Killed a six-headed hydra
 12375 | Lair:3   | Received a gift from Okawaru
 12621 | Lair:3   | Found a gate leading to a gauntlet.
 12630 | Gauntlet | Entered a Gauntlet
 12630 | Gauntlet | Found a transporter.
 12630 | Gauntlet | Found a transporter.
 12630 | Gauntlet | Found a transporter.
 12759 | Gauntlet | Found a runed translucent door.
 12760 | Gauntlet | Found a transporter.
 12761 | Gauntlet | Found a transporter.
 12799 | Gauntlet | Received a gift from Okawaru
 12808 | Gauntlet | Found a transporter.
 12808 | Gauntlet | Found a transporter.
 12817 | Gauntlet | Noticed a balrug
 12853 | Gauntlet | Found a transporter.
 12867 | Gauntlet | Reached skill level 15 in Shields
 12900 | Gauntlet | Identified the ring "Jolian" {Fire Fly Will- Str+4}
 12910 | Gauntlet | Found a transporter.
 12990 | Gauntlet | Identified the +5 longbow of Disorder {venom, rC- Str+5}
 12990 | Gauntlet | Noticed a minotaur
 13012 | Gauntlet | HP: 1/104 [minotaur (20)]
 13012 | Gauntlet | Slain by a minotaur

Illustrated notes

Levels and vault maps discovered:
D:1:      lemuel_arrival_river_ford, layout_basic,
          ebering_ecumenical_altar_petrified
D:2:      layout_basic, serial_corexii_hall, corexii_hall_statues_l,
          chequers_hall_statues_wall_a, serial_shops, shop, shop_fountains,
          shop, nicolae_shop_behind_doors, nicolae_shop_behind_doors,
          palyth_stone_intersect, minmay_pentomino_s2
D:3:      due_chaos_kobolds, layout_basic
D:4:      layout_rooms, serial_park_tiny_1, guppyfry_shop_venom
D:5:      layout_gridville, zin_purify, enter_ossuary_4
D:6:      layout_layer_cave, nicolae_gozag_cash_rules_everything_around_me,
          minmay_temple_entry_slanted
D:7:      layout_basic, nzn_hepliaklqana_mist_gate,
          grunt_temple_overflow_diamond, serial_shops, nicolae_shop_crystal
D:8:      layout_basic, mainiacjoe_overflow_alcove_4, serial_shops, shop
D:9:      layout_rooms, chequers_temple_overflow_statue_of_worship,
          dpeg_lair_monsters
Temple:   hc_temple_tempest_star
Lair:1:   layout_regular_city
Lair:2:   layout_cave_pods, ebering_ghost_reflecting_pool,
          infiniplex_staircase_pool
Lair:3:   layout_cave_pods, gauntlet_entry_generic, minivault_26,
          grunt_megastairs_1, uniq_nergalle
Gauntlet: minmay_gauntlet_mixed_big_or_small [nicolae_gauntlet_arena_quarters,
          minmay_gauntlet_arena_77_path, nicolae_gauntlet_arena_blocks,
          minmay_gauntlet_arena_77_checkered, gammafunk_gauntlet_arena_corners,
          minmay_gauntlet_arena_77_terracotta_army, gauntlet_exit_green]

Skill      XL: |  1  2  3  4  5  6  7  8  9 10 11 12 |
---------------+-------------------------------------+-----
Shields        | 4 5 6 8 9 11 13 15 | 15.1
Maces & Flails | 3 4 5 6 8 10 11 12 | 12.2
Armour         | 4 5 6 7 8 9 10 11 | 11.1
Fighting       | 4 5 6 7 8 9 |  9.2
Dodging        | 1 2 3 4 6 |  6.8
Stealth        | 1 2 |  2.9
Invocations    | |  0.5

Action                   |  1- 3 |  4- 6 |  7- 9 | 10-12 || total
-------------------------+-------+-------+-------+-------++-------
Melee: Flail             |   120 |       |       |       ||   120
       Headbutt          |    21 |    14 |   125 |   163 ||   323
       Whip              |     7 |    80 |   444 |   672 ||  1203
Invok: Heroism           |       |       |       |     9 ||     9
  Use: Scroll            |     4 |       |    10 |     2 ||    16
       Potion            |       |     1 |       |       ||     1
 Stab: Paralysed         |       |       |     1 |       ||     1
       Confused          |       |       |     2 |       ||     2
Armor: Scale mail        |    64 |    21 |    32 |       ||   117
       Chain mail        |       |       |    64 |   162 ||   226
Dodge: Dodged            |    55 |    20 |    61 |    97 ||   233
Block: Kite shield       |    96 |    65 |   266 |   194 ||   621
       Reflection        |     3 |       |     7 |     7 ||    17
       Tower shield      |       |       |       |   489 ||   489
